 Dungeon Crawl Stone Soup version 0.32-a0-841-g4648e6c457 (webtiles) character file.

Game seed: 779888802491527987

35204 Shayle the Fighter (level 13, -2/147 (162) HPs)
             Began as a Coglin Alchemist on Mar 25, 2024.
             Was a High Priest of Beogh.
             Succumbed to their own poison gas
             ... on level 2 of the Orcish Mines on Mar 26, 2024.
             The game lasted 01:18:39 (14671 turns).

Shayle the Fighter (Coglin Alchemist)              Turns: 14671, Time: 01:18:40

HP:   -2/147 (162)  AC: 16    Str: 11    XL:     13   Next: 82%
MP:   26/30         EV: 14    Int: 20    God:    Beogh [*****.]
Gold: 978           SH:  0    Dex: 14    Spells: 11/15 levels left

rFire   . . .        k - +12 falchion "Ybrixih" {freeze, rCorr Int+3 Dex-4 Stlth+}
rCold   . . .        y - +7 whip of Change {drain, MP+9 Int+3}
rNeg    . . .        B - +2 troll leather armour
rPois   .            D - +2 helmet
rElec   .            u - +2 cloak
rCorr   +            (no gloves)
SInv    .            L - +2 pair of boots
Will    .....        (amulet unavailable) Stlth
                     (ring unavailable)
HPRegen 1.24/turn    (ring unavailable)
MPRegen 0.22/turn    (no gizmo)

%: no passive effects
@: berserking, lethally poisoned (-2 -> -19), studying Short Blades, drained,
invisible, very quick
A: walk on water, off-hand wielding, slow wielding, warmup strikes, no jewellery
a: Invent Gizmo, Renounce Religion, Smiting, Recall Apostles, Blood for Blood,
Dismiss Worak, wizard, Dismiss Hawl, priest, Dismiss Alork, priest


You were on level 2 of the Orcish Mines.
You worshipped Beogh.
Beogh was extremely pleased with you.
You visited 4 branches of the dungeon, and saw 17 of its levels.
You also visited: Sewer and Bailey.

You collected 1518 gold pieces.
You spent 540 gold pieces at shops.

Inventory:

Hand Weapons
 k - the +12 falchion "Ybrixih" (weapon) {freeze, rCorr Int+3 Dex-4 Stlth+}
   (You took it off a gnoll sergeant in a bailey)

   Int+3:     It affects your intelligence (+3).
   Dex-4:     It affects your dexterity (-4).
   rCorr:     It protects you from acid and corrosion.
   Stlth+:    It makes you more stealthy.
 y - the +7 whip of Change (offhand) {drain, MP+9 Int+3}
   (You found it in a sewer)

   Int+3:     It affects your intelligence (+3).
   MP+9:      It affects your magic capacity (+9).
 C - a +7 trident
 G - the +7 captain's cutlass {speed, disarm}
   (You found it on level 11 of the Dungeon)
Missiles
 E - 5 throwing nets
 T - a curare-tipped dart
Armour
 s - the +2 shield of Resistance {rF++ rC++ Will++}
   (You found it on level 6 of the Dungeon)

   rF++:      It greatly protects you from fire.
   rC++:      It greatly protects you from cold.
   Will++:    It greatly increases your willpower.
 u - a +2 cloak (worn)
 z - the +1 robe of Wariness {Regen+}
   (You bought it in a shop on level 6 of the Dungeon)

   Regen+:    It increases your rate of health regeneration.
 B - a +2 troll leather armour (worn)
 D - a +2 helmet (worn)
 K - +0 acid dragon scales
 L - a +2 pair of boots (worn)
 P - +0 steam dragon scales
Talismans
 R - a storm talisman
Wands
 e - a wand of flame (52)
 q - a wand of polymorph (11)
 x - a wand of charming (3)
 O - a wand of roots (3)
Scrolls
 g - a scroll of silence
 j - a scroll of revelation
 m - a scroll of fog
 n - 4 scrolls of immolation
 A - a scroll of poison
 F - 2 scrolls of vulnerability
 I - 4 scrolls of amnesia
Potions
 a - 4 potions of haste {unknown}
 b - 2 potions of magic
 c - 3 potions of attraction {unknown}
 i - 2 potions of ambrosia {unknown}
 r - a potion of brilliance
 v - 2 potions of enlightenment
 H - 2 potions of berserk rage
 J - 2 potions of lignification {unknown}
 N - a potion of cancellation {unknown}


   Skills:
 + Level 12.1 Fighting
 - Level 9.4 Armour
 - Level 9.1 Dodging
 - Level 1.5 Stealth
 - Level 1.7 Spellcasting
 - Level 3.3 Conjurations
 - Level 5.1 Alchemy
 - Level 11.4 Invocations
 + Level 3.7 Shapeshifting


You had 11 spell levels left.
You knew the following spells:

 Your Spells              Type           Power      Damage    Failure   Level
a - Sting                 Conj/Alch      72%        1d7       3%          1
b - Mephitic Cloud        Conj/Alch/Air  13%        N/A       19%         3

Your spell library contained the following spells:

 Spells                   Type           Power      Damage    Failure   Level
 Mercury Vapours          Alch/Air       24%        N/A       11%         2
 Static Discharge         Conj/Air       16%        3-4/arc   16%         2
 Olgreb's Toxic Radiance  Alch           22%        N/A       24%         4
 Dazzling Flash           Conj/Hex       16%        N/A       30%         3
 Sticky Flame             Fire/Alch      12%        2d5       56%         4
 Airstrike                Air            0%         2d(1-17)  89%         4
 Animate Dead             Necr           1%         N/A       89%         4
 Summon Lightning Spire   Summ/Air       1%         N/A       89%         4
 Borgnjor's Vile Clutch   Necr/Erth      0%         N/A       99%         5
 Death Channel            Necr           0%         N/A       100%        6
 Starburst                Conj/Fire      4%         6d3       100%        6
 Maxwell's Capacitive Co  Air            0%         ∞         100%        8


Dungeon Overview and Level Annotations

Branches:
Dungeon (11/15)            Temple (1/1) D:4            Lair (3/5) D:8
 Shoals (0/4) Lair:2          Orc (2/2) D:11          Sewer (visited)
 Bailey (visited)
  Snake: Lair:2-3    Spider: Lair:2-3       Elf: Orc:2

Altars:
Ashenzari
Cheibriados
Dithmenos
Elyvilon
Fedhas
Gozag
Hepliaklqana
Kikubaaqudgha
Makhleb
Nemelex Xobeh
Okawaru
Qazlal
Ru
Sif Muna
Trog
Uskayaw
Vehumet
Wu Jian
Xom
Yredelemnul
Zin
The Shining One
Beogh

Shops:
D:3 [   D:4 (   D:6 [[*[*   Orc:2 :*

Annotations:
D:11 2 runed translucent doors
Orc:2 Azrael


Innate Abilities, Weirdness & Mutations

You can walk on water.
Your facial features are unmistakably orcish.
You can wield a second weapon in your off-hand.
It takes a long time for you to wield or remove held weapons.
Your first few attacks do less damage.
You cannot equip rings or amulets.


Message History

A magic dart appears from out of thin air!
The magic dart hits you.
* * * LOW HITPOINT WARNING * * *
Unknown command.
Okay, then.
Okay, then.
Okay, then.
Unknown command.
Aiming: Charm
Press: ? - help, Shift-Dir - straight line, f - Zorug
Aim: Zorug the orc apostle, wielding a +1 dire flail of draining and wearing a +4 chain mail (poison gas, empowered by the touch of Beogh, chance to affect: 29%) Zorug easily resists.
You feel sick.
Zorug is engulfed in poison gas.
Zorug is poisoned.
Zorug hits you with a +1 dire flail of draining!
* * * LOW HITPOINT WARNING * * *
You feel drained.
The orc knight is engulfed in poison gas.
The orc knight is poisoned.
The orc warrior is poisoned.
The orc warrior barely misses the orc knight.
Blink to where?
Press: ? - help, Dir - move target, p - Zorug
As you read the scroll of blinking, it crumbles to dust.
You are more poisoned.
* * * LOW HITPOINT WARNING * * *
x2 You feel very sick.
A puff of flame appears from out of thin air!
The puff of flame misses you.
The orc knight is engulfed in poison gas.
The orc knight looks even sicker.
The orc knight roars a battlecry!
Zorug goes into a battle-frenzy!
Something hits the orc knight!
The orc knight looks as sick as possible!
Zorug is engulfed in poison gas.
Zorug looks even sicker.
It was a potion of berserk rage.
A red film seems to cover your vision as you go berserk!
You feel yourself moving faster!
You feel mighty!
You are more poisoned.
* * * LOW HITPOINT WARNING * * *
You die...

......)###.....o.o.....§##.......
.....###......§o§{§......###.....
....###.......§.o§§.......###....
..))##........#§§§#........####..
.##..........##§§§##........#####
..........####§§§§§####.......#.#
.##.......###.§§§§§§###..........
.#.........#.§§§§§§§§###.........
#..........#.§§§@§§§§# #........#
.........###§§§§§§§§§# ##..†.....
..........###.......## #.........
........#.# ##......# ##..#)....
.......)..## ##....## ####.....
.......#...## ##..## #.....#
........##..####...# ##...##
..#......##....##..### #####
###......#.......)#..##


You could see an orc knight (unable to see you, extremely poisoned) and Zorug
the orc apostle (strong, very poisoned, divinely empowered).

Vanquished Creatures
  A catoblepas (Lair:2)
  A hydra (D:11)
  A centaur warrior (D:11)
  A two-headed ogre (Orc:2)
  3 death yaks
  An orc knight (Orc:2)
  A manticore (Lair:2)
  5 obsidian bats
  2 cyclopes (D:11)
  An orc sorcerer (Orc:2)
  4 kobold blastminers
  6 cane toads
  An unseen horror (D:10)
  2 rime drakes
  2 komodo dragons
  A yaktaur (D:11)
  2 trolls
  4 polar bears (Lair:2)
  A hornet (D:7)
  A blink frog (Lair:2)
  Grinder (D:5)
  A wind drake (Lair:2)
  Sigmund (D:5)
  21 yaks
  A wyvern (D:8)
  2 basilisks (D:8)
  A fire elemental (Orc:1)
  3 wargs
  3 steam dragons
  6 vampire mosquitoes
  An acid dragon (D:6)
  A hell hound (Orc:2)
  6 water moccasins
  12 orc warriors
  2 sky beasts
  2 ice beasts
  2 black bears
  15 ogres
  17 wolves
  6 centaurs
  2 phantoms (D:5)
  2 kobold brigands (D:11)
  7 bullfrogs
  9 gnoll sergeants (Bailey)
  A scorpion (D:5)
  9 wights
  2 howler monkeys (D:9)
  4 electric eels
  6 gnoll boudas (Bailey)
  3 hounds
  2 orc priests (Orc:2)
  A jelly (D:6)
  A sleepcap (D:5)
  An iguana (D:4)
  6 orc wizards
  10 hell rats
  Robin (D:2)
  15 adders
  15 gnolls
  A shadow imp (D:6)
  4 white imps (D:6)
  7 ufetubi
  2 ribbon worms
  13 dart slugs
  24 orcs
  13 ball pythons
  9 bats
  4 endoplasms
  12 giant cockroaches
  17 goblins
  8 hobgoblins
  13 jackals
  14 kobolds
  A quokka (D:5)
  13 frilled lizards
  7 rats
404 creatures vanquished.

Vanquished Creatures (collateral kills)
  2 two-headed ogres (D:9)
  3 death yaks (Lair:1)
  A komodo dragon (D:10)
  A polar bear (Lair:1)
  3 blink frogs (Lair:2)
  A shadow (D:9)
  6 yaks (D:9)
  A basilisk (Lair:2)
  A steam dragon (Lair:3)
  A vampire mosquito (D:10)
  A water moccasin (Lair:1)
  2 orc warriors (D:9)
  A centaur (D:11)
  A kobold brigand (D:11)
  A hound (Bailey)
  A gnoll bouda (Bailey)
  An orc wizard (D:8)
  3 hell rats (Lair:2)
  A gnoll (Bailey)
  2 ufetubi (D:6)
  An orc (D:8)
  6 foxfires (Lair:2)
41 creatures vanquished.

Vanquished Creatures (others)
  2 orc sorcerers (Orc:2)
  A kobold blastminer (Orc:2)
  6 orc apostles
  2 orc warriors (Orc:2)
  An orc priest (D:5)
  4 orc wizards
  10 orcs
  101 foxfires
127 creatures vanquished.

Grand Total: 572 creatures vanquished

Notes
Turn   | Place    | Note
-------+----------+-------------------------------------------
     0 | D:1      | Shayle the Coglin Alchemist began the quest for the Orb.
     0 | D:1      | Reached XP level 1. HP: 13/13 MP: 3/3
    99 | D:1      | Reached skill level 1 in Conjurations
   149 | D:1      | Reached XP level 2. HP: 5/20 MP: 4/4
   318 | D:1      | Reached skill level 1 in Fighting
   375 | D:1      | Reached XP level 3. HP: 18/26 MP: 5/5
   723 | D:2      | Learned a level 3 spell: Mephitic Cloud
   869 | D:2      | Noticed Robin
   894 | D:2      | Reached XP level 4. HP: 26/32 MP: 0/6
  1067 | D:2      | Killed Robin
  1335 | D:2      | Found a faded altar of an unknown god.
  1763 | D:3      | Found Eplul's Antique Armour Boutique.
  1802 | D:3      | Reached skill level 2 in Fighting
  1802 | D:3      | Reached XP level 5. HP: 38/38 MP: 7/7
  2090 | D:3      | Found a stormy altar of Qazlal.
  2141 | D:3      | Found a glowing golden altar of the Shining One.
  2667 | D:4      | Found the amulet of the Air {Inacc Air Fly rElec RMsl}
  2867 | D:4      | Found a shimmering blue altar of Sif Muna.
  2871 | D:4      | Noticed an orc warrior
  2888 | D:4      | Killed an orc warrior
  2889 | D:4      | Reached XP level 6. HP: 29/46 MP: 0/8
  2953 | D:4      | Got Sif Muna's Lectures on Citrinitas
  2959 | D:4      | Found a bloodstained altar of Trog.
  3228 | D:4      | Found a hazy altar of Hepliaklqana.
  3239 | D:4      | Noticed a sky beast
  3254 | D:4      | Killed a sky beast
  3255 | D:4      | Reached skill level 3 in Fighting
  3255 | D:4      | Reached skill level 5 in Alchemy
  3417 | D:4      | Found a staircase to the Ecumenical Temple.
  3423 | Temple   | Entered the Ecumenical Temple
  3680 | D:4      | Found Seimp's Antique Weapon Shop.
  3728 | D:5      | Entered Level 5 of the Dungeon
  3780 | D:5      | Reached XP level 7. HP: 40/52 MP: 9/9
  3956 | D:5      | Noticed Sigmund
  3977 | D:5      | Became a worshipper of Beogh the Shepherd
  3994 | D:5      | Killed Sigmund
  3995 | D:5      | Reached skill level 1 in Invocations
  4077 | D:5      | Found an opulent altar of Gozag.
  4191 | D:5      | Reached XP level 8. HP: 60/60 MP: 9/13
  4251 | D:5      | Reached skill level 4 in Fighting
  4376 | D:5      | Noticed Grinder
  4400 | D:5      | Killed Grinder
  4401 | D:5      | Reached skill level 1 in Armour
  4559 | D:5      | Reached XP level 9. HP: 50/65 MP: 14/14
  5087 | D:6      | Found Umuloen's General Store.
  5131 | D:6      | Bought a scroll of identify for 26 gold pieces
  5131 | D:6      | Bought a scroll of identify for 26 gold pieces
  5137 | D:6      | Found the +2 shield of Resistance {rF++ rC++ Will++}
  5202 | D:6      | Found Fierroar's General Store.
  5338 | D:6      | Found a glowing drain.
  5339 | D:6      | Found Biyminku's Antique Armour Shoppe.
  5361 | Sewer    | Entered a sewer
  5383 | Sewer    | Reached * piety under Beogh
  5695 | Sewer    | Reached ** piety under Beogh
  5737 | Sewer    | Identified the +7 whip of Change {drain, MP+9 Int+3}
  5787 | D:6      | Bought a twisted robe for 165 gold pieces
  5787 | D:6      | Identified the +1 robe of Wariness {Regen+} (You bought it
                  | in a shop on level 6 of the Dungeon)
  5809 | D:6      | Bought a scroll of blinking for 97 gold pieces
  5809 | D:6      | Bought a potion of curing for 39 gold pieces
  6061 | D:6      | Reached skill level 5 in Fighting
  6092 | D:6      | Found Wuchyuwn's Antique Armour Shop.
  6103 | D:6      | Found Huthrox's Antique Armour Boutique.
  6243 | D:8      | Found a staircase to the Lair.
  6243 | D:8      | Noticed a death yak
  6264 | D:8      | Killed a death yak
  6265 | D:8      | Reached XP level 10. HP: 74/76 MP: 16/16
  6383 | D:8      | Reached skill level 6 in Fighting
  6385 | D:8      | Reached *** piety under Beogh
  6398 | D:8      | Noticed Worak
  6416 | D:8      | Anointed Worak the wizard as your apostle
  6439 | D:8      | Found a flagged portal.
  6477 | Bailey   | Entered a bailey
  6550 | Bailey   | Identified the +12 falchion "Ybrixih" {freeze, rCorr Int+3
                  | Dex-4 Stlth+}
  6577 | Bailey   | Was placed under penance by Beogh
  7105 | D:7      | Paralysed by a hornet for 1 turns
  7287 | D:6      | Was forgiven by Beogh
  7351 | D:6      | Bought a pair of embroidered boots for 135 gold pieces
  7361 | D:6      | Noticed Hawl
  7374 | D:6      | Anointed Hawl the priest as your apostle
  7653 | D:7      | Found an iron altar of Okawaru.
  8007 | D:8      | Reached skill level 7 in Fighting
  8007 | D:8      | Reached skill level 5 in Armour
  8007 | D:8      | Reached XP level 11. HP: 79/84 MP: 17/17
  8479 | D:9      | Noticed a two-headed ogre
  8487 | D:9      | Killed a two-headed ogre
  8615 | D:9      | Noticed a two-headed ogre
  8622 | D:9      | Killed a two-headed ogre
  8623 | D:9      | Reached skill level 8 in Fighting
  8674 | D:9      | Found a snail-covered altar of Cheibriados.
  9133 | D:10     | Entered Level 10 of the Dungeon
  9848 | D:11     | Found a staircase to the Orcish Mines.
  9856 | D:11     | Noticed a cyclops
  9860 | D:11     | Reached **** piety under Beogh
  9863 | D:11     | Killed a cyclops
 10006 | D:11     | Found a large runed translucent door.
 10006 | D:11     | Found the +7 captain's cutlass {speed, disarm}
 10007 | D:11     | Found a large runed translucent door.
 10008 | D:11     | Noticed a centaur warrior
 10012 | D:11     | Found a large runed translucent door.
 10012 | D:11     | Found a large runed translucent door.
 10016 | D:11     | Killed a centaur warrior
 10017 | D:11     | Reached skill level 10 in Invocations
 10017 | D:11     | Reached XP level 12. HP: 50/94 MP: 19/19
 10077 | D:11     | Noticed an eight-headed hydra
 10085 | D:11     | Reached skill level 9 in Fighting
 10085 | D:11     | Your ally Worak died
 10088 | D:11     | Your ally Hawl died
 10144 | D:11     | Killed an eight-headed hydra
 10328 | D:11     | Noticed a centaur warrior
 10556 | Lair:1   | Entered Level 1 of the Lair of Beasts
 10950 | Lair:1   | Noticed Alork
 10971 | Lair:1   | Anointed Alork the priest as your apostle
 11208 | Lair:1   | Noticed a death yak
 11208 | Lair:1   | Noticed a death yak
 11209 | Lair:1   | Noticed a death yak
 11210 | Lair:1   | Noticed a death yak
 11212 | Lair:1   | Noticed a death yak
 11225 | Lair:1   | Killed a death yak
 11235 | Lair:1   | Killed a death yak
 11236 | Lair:1   | Reached skill level 10 in Fighting
 11240 | Lair:1   | Killed a death yak
 11243 | Lair:1   | Killed a death yak
 11245 | Lair:1   | Killed a death yak
 11369 | Lair:1   | Reached ***** piety under Beogh
 11707 | Lair:2   | Reached XP level 13. HP: 104/104 MP: 21/21
 11802 | Lair:2   | Found a staircase to the Shoals.
 11811 | Lair:2   | Your ally Hawl died
 12262 | Lair:2   | Reached skill level 11 in Fighting
 12626 | Lair:3   | Your ally Worak died
 12631 | Lair:3   | Your ally Hawl died
 12641 | Lair:3   | Your ally Alork died
 12820 | D:6      | Bought a scroll of identify for 26 gold pieces
 12820 | D:6      | Bought a scroll of identify for 26 gold pieces
 12982 | Orc:1    | Entered Level 1 of the Orcish Mines
 13182 | Orc:1    | Reached skill level 1 in Shapeshifting
 13415 | Orc:1    | Upgraded the game from 0.32-a0-834-geaf45d8e21 to
                  | 0.32-a0-841-g4648e6c457
 13431 | Orc:2    | Entered Level 2 of the Orcish Mines
 13937 | Orc:2    | Found Jekeo's General Store.
 13965 | Orc:2    | Found a roughly hewn altar of Beogh.
 14101 | Orc:2    | Found Gejehuif's Book Shop.
 14291 | Orc:2    | Noticed Azrael
 14418 | Orc:2    | Identified the +6 orcbow of Siawim {speed, ^Drain rC+ rN+
                  | rCorr}
 14526 | Orc:2    | Reached skill level 12 in Fighting
 14670 | Orc:2    | HP: 4/98 [poisoned by you (poison gas)]
 14671 | Orc:2    | Succumbed to their own poison gas

Illustrated notes

Levels and vault maps discovered:
D:1:      scummos_arrival_simple_crosswalls, layout_basic
D:2:      layout_basic, serial_glass, glass_columns_a, glass_columns_b,
          shapermc_ecumenical_altar_totnotflames, palyth_stone_intersect,
          minmay_crystal_room, uniq_robin
D:3:      layout_basic, mainiacjoe_overflow_tiny_flanked,
          nicolae_tso_carved_into_rock, serial_shops, nicolae_shop_crystal
D:4:      layout_loops_ring, nzn_overflow_gifts_of_might_and_magic,
          kennysheep_mini_moat, minmay_temple_entry_nine_rooms, serial_shops,
          shop
D:5:      layout_basic, nicolae_gozag_seed_capital, uniq_grinder, uniq_sigmund
D:6:      layout_basic, serial_demonic, serial_demonic_a, serial_demonic_b,
          serial_demonic_g, serial_demonic_c, serial_demonic_f, serial_shops,
          shop, shop, shop, nicolae_shop_tiny_statue_garden,
          nicolae_stop_n_shop_1, gup_sewer_entry_glass, grunt_decor_arrowhead
D:7:      layout_cave_pools, okawaru_gym_becter
D:8:      layout_basic, david_lair_generic, enter_bailey_8
D:9:      layout_basic, chei_slow_surprise, wad_rectangle_vault
D:10:     layout_loops_cross
D:11:     layout_basic, erik_orc_3, minmay_hollow_rounded_squares
Temple:   eino_temple_water
Lair:1:   layout_loops_ring
Lair:2:   layout_gridlike, minmay_shoals_entry_beasts,
          chequers_serial_rivers_micro_e, nicolae_quartered_pool_super,
          cheibrodos_lair_lostbears
Lair:3:   layout_cave_pods, nicolae_spider_entry_orb_guardian, wad_woods_03
Orc:1:    layout_caves, mines2_lemuel
Orc:2:    pubby_orc_utopia, uniq_jorgrun, uniq_saint_roka, uniq_azrael

Skill      XL: |  1  2  3  4  5  6  7  8  9 10 11 12 13 |
---------------+----------------------------------------+-----
Conjurations   | 1 2 3 |  3.3
Dodging        | 2 3 9 |  9.1
Fighting       | 1 2 3 4 5 7 8 10 12 | 12.1
Alchemy        | 4 5 |  5.1
Invocations    | 7 8 10 11 | 11.4
Armour         | 1 3 5 7 8 9 |  9.4
Shapeshifting  | 3 |  3.7
Stealth        | |  1.5
Spellcasting   | |  1.7

Action                     |  1- 3 |  4- 6 |  7- 9 | 10-12 | 13-15 || total
---------------------------+-------+-------+-------+-------+-------++-------
  Melee: Mace              |    55 |    54 |       |       |       ||   109
         Dagger            |    51 |   119 |   221 |       |       ||   391
         Unarmed           |     1 |       |       |       |       ||     1
         Whip              |       |    74 |   321 |   462 |   215 ||  1072
         Falchion          |       |       |       |   243 |   220 ||   463
   Cast: Sting             |    21 |    19 |       |       |     1 ||    41
         Mephitic Cloud    |       |       |     4 |    22 |    23 ||    49
 Invoke: Convert to Beogh  |       |       |     1 |       |       ||     1
         Recruit Apostle   |       |       |       |     3 |       ||     3
         Smiting           |       |       |       |     2 |     1 ||     3
         Recall Apostles   |       |       |       |     2 |     2 ||     4
  Evoke: Wand              |       |       |       |     4 |     9 ||    13
    Use: Potion            |       |     1 |     2 |     5 |     2 ||    10
         Scroll            |       |       |     9 |     9 |    15 ||    33
   Stab: Sleeping          |     1 |     6 |     4 |     2 |     1 ||    14
         Confused          |       |       |     4 |    24 |    10 ||    38
         Invisible         |       |       |       |     3 |       ||     3
         Distracted        |       |       |       |     2 |       ||     2
         Petrified         |       |       |       |       |     4 ||     4
 Armour: Robe              |    40 |    79 |   165 |    64 |       ||   348
         Troll leather arm |       |       |       |   309 |   273 ||   582
  Dodge: Dodged            |    41 |    86 |   285 |   396 |   254 ||  1062

Table legend: (Time is in decaauts)
 A = Elapsed time spent in this place.
 B = Non-inter-level travel time spent in this place.
 C = Inter-level travel time spent in this place.
 D = Time resting spent in this place.
 E = Time spent auto-exploring this place.
 F = Levels seen in this place.
 G = Mean time per level.
                   A        B        C        D        E       F      G
               +--------+--------+--------+--------+--------+-----+--------+
         Total |  14903 |  14323 |    580 |   2061 |   7202 |  19 |  784.4 |
       Dungeon |  10287 |   9762 |    525 |   1205 |   5679 |  11 |  935.2 |
        Temple |      1 |      0 |      1 |      0 |      0 |   1 |    1.0 |
          Lair |   1939 |   1886 |     53 |    327 |   1012 |   3 |  646.3 |
  Orcish Mines |   1727 |   1727 |      0 |    398 |    328 |   2 |  863.5 |
         Sewer |    485 |    485 |      0 |     80 |     47 |   1 |  485.0 |
        Bailey |    461 |    461 |      0 |     51 |    135 |   1 |  461.0 |
               +--------+--------+--------+--------+--------+-----+--------+

Top non-repeatable levels by time:
     D:5: 1481 daAuts
   Orc:2: 1174 daAuts
     D:4: 1102 daAuts
     D:2: 1062 daAuts
     D:6: 1053 daAuts
     D:8: 1040 daAuts
  Lair:2: 1024 daAuts
     D:9: 1006 daAuts
     D:3: 887 daAuts
  Lair:1: 863 daAuts
    D:11: 744 daAuts
     D:1: 699 daAuts
    D:10: 647 daAuts
     D:7: 562 daAuts
   Orc:1: 553 daAuts
